High elo 4v4, thick with cheese

Match 16871848
End
Engineer Squad
Construct Weapon Support Center
Selects Armored Battlegroup
Selects Assault Engineers
Selects Fast Deploy
Bazooka Squad
M1919 Machine Gun Team
Assault Engineer Squad
Mechanized Support Center
Assault Engineer Squad
Construct Motor Pool
M8 Greyhound Armored Car
M8 Greyhound Armored Car
M24 Chaffee Light Tank
M8 Greyhound Armored Car
Selects Field Repairs
Selects War Machine
Construct Tank Depot
M1919 Machine Gun Team
M1 Anti-tank Gun Team
Selects Seek and Destroy
Field Repairs
M4(105) Sherman Bulldozer
Assault Engineer Squad
Assault Engineer Squad
M4A1 Sherman Medium Tank
M1 Anti-tank Gun Team
M4A1 Sherman Medium Tank
Seek and Destroy
M1919 Machine Gun Team
M1 Anti-tank Gun Team
M3 Armored Personnel Carrier
M4A1 76mm Conversion
M3 Armored Personnel Carrier
M1919 Machine Gun Team
M4A1(76) Sherman Medium Tank
Improvised Armor
Selects M4A3E8 Sherman Combat Group
M4A1(76) Sherman Medium Tank
Field Repairs
Seek and Destroy
呆呆河马
oki
Eilte
Azusa
WilllTHENOOBz
NEP_wilson_NEP
𝓂𝒶𝒹𝒹𝒾𝑒
小小戴1234
0
0

Comments sign in to comment!

No comments posted yet!